 Dungeon Crawl Stone Soup version 0.22-a0-307-g2b15929 (webtiles) character file.

24601 xccam the Severer (level 13, -9/96 HPs)
             Began as a Formicid Fighter on Apr 1, 2018.
             Was a High Priest of Cheibriados.
             Mangled by an 11-headed hydra (10 damage)
             ... on level 1 of the Lair of Beasts.
             The game lasted 00:22:59 (11417 turns).

xccam the Severer (Formicid Fighter)               Turns: 11417, Time: 00:23:00

Health: -9/96      AC: 12    Str: 38    XL:     13   Next: 44%
Magic:  19/19      EV: 15    Int: 21    God:    Cheibriados [*****.]
Gold:   686        SH: 14    Dex: 24    Spells: 12/12 levels left

rFire    . . .     SeeInvis +   F - +1 war axe (elec)
rCold    . . .     Gourm    .   c - +0 shield
rNeg     . . .     Faith    .   b - +0 scale mail
rPois    .         Spirit   .   (helmet unavailable)
rElec    .         Reflect  .   e - +1 cloak
rCorr    .         Harm     .   h - +0 pair of gloves
MR       +....                  G - +0 pair of boots
Stlth    ++........             (no amulet)
HPRegen  0.26/turn              L - ring of stealth
MPRegen  0.16/turn              (no ring)

@: very slow
A: permanent stasis, dig shafts and tunnels, four strong arms, antennae 3
a: Dig, Shaft Self, Bend Time, Temporal Distortion, Slouch, Step From Time,
Renounce Religion


You were on level 1 of the Lair of Beasts.
You worshipped Cheibriados.
Cheibriados was extremely pleased with you.
You were hungry.

You visited 3 branches of the dungeon, and saw 14 of its levels.
You also visited: Ossuary.

You collected 774 gold pieces.
You spent 88 gold pieces at shops.

Inventory:

Hand Weapons
 F - a +1 war axe of electrocution (weapon)
Armour
 b - a +0 scale mail (worn)
 c - a +0 shield (worn)
 e - a +1 cloak (worn)
 h - a +0 pair of gloves (worn)
 G - a +0 pair of boots (worn)
Jewellery
 L - a ring of stealth (left hand)
Wands
 z - a wand of flame (19)
 C - a wand of polymorph (5)
 J - a wand of iceblast (16)
 K - a wand of acid (10)
Scrolls
 a - a scroll of brand weapon {unknown}
 g - a scroll of identify
 i - 2 scrolls of fog {unknown}
 j - 2 scrolls of remove curse
 l - a scroll of blinking {unknown}
 o - 4 scrolls of immolation {unknown}
 p - 2 scrolls of amnesia {unknown}
 x - a scroll of noise {unknown}
 y - 2 scrolls of magic mapping {unknown}
 D - a scroll of fear {unknown}
 E - 2 scrolls of enchant weapon {unknown}
 I - a scroll of summoning {unknown}
Potions
 d - a potion of might
 k - 3 potions of heal wounds
 m - 2 potions of magic
 n - 6 potions of flight
 q - 9 potions of curing
 r - 3 potions of cancellation
 s - a potion of ambrosia
 t - 8 potions of brilliance
 u - 3 potions of agility
 v - 2 potions of berserk rage {unknown}
 w - 3 potions of haste
 A - 2 potions of invisibility
 B - a potion of lignification {unknown}
 H - a potion of mutation {unknown}
Comestibles
 f - 32 rations


   Skills:
 + Level 7.1 Fighting
 - Level 16.1 Axes
 + Level 7.1 Armour
 + Level 5.0 Dodging
 - Level 9.2 Shields
 + Level 8.1 Invocations


You had 12 spell levels left.
You didn't know any spells.

Dungeon Overview and Level Annotations

Branches:
Dungeon (12/15)            Temple (1/1) D:7            Lair (1/6) D:8
    Orc (0/2) D:11

Altars:
Cheibriados
Fedhas
Hepliaklqana
Kikubaaqudgha
Makhleb
Nemelex Xobeh
Qazlal
Sif Muna
Trog
Vehumet
Xom
Yredelemnul
Zin
The Shining One

Shops:
D:4 *   D:7 *   D:12 =


Innate Abilities, Weirdness & Mutations

You cannot be hasted, slowed, berserked, paralysed or teleported.
You can dig through walls and to a lower floor.
Your four strong arms can wield two-handed weapons with a shield.
You have a pair of large antennae on your head. (SInv)


Message History

The ten-headed hydra bites you but does no damage.
You block the ten-headed hydra's attack.
The ten-headed hydra bites you.
* * * LOW HITPOINT WARNING * * *
The ten-headed hydra bites you but does no damage.
The ten-headed hydra closely misses you.
The ten-headed hydra bites you.
* * * LOW HITPOINT WARNING * * *
You block the ten-headed hydra's attack.
You chop one of the ten-headed hydra's heads off!
The nine-headed hydra grows two more!
You slash the 11-headed hydra!
The 11-headed hydra is almost dead.
You block the 11-headed hydra's attack.
The 11-headed hydra bites you but does no damage.
The 11-headed hydra misses you. The 11-headed hydra barely misses you.
The 11-headed hydra bites you!
* * * LOW HITPOINT WARNING * * *
The 11-headed hydra bites you but does no damage. x2
The 11-headed hydra bites you!
You die...

#####.....## ........$..
.# #.......... ..#
#........#.
#..##..........
#.........PP...
..#.....†....... #
.....#.#D# ..###
........@## ...[.
....#.##...# # .###
....## #...# #.. #
....#.. #...# ....###
..#..###..####.. #....#
#............#.. ###.
#........###.#.P ###...
##.......##....#####....#
{
#..P.P..##.....##......#


You could see a 11-headed hydra.

Vanquished Creatures
  Gastronok (Lair:1)
  Josephine (D:10)
  Erolcha (D:11)
  2 hydras
  3 two-headed ogres
  The ghost of xccam the Cleaver, a novice FoFi of Cheibriados (D:11)
  An unseen horror (D:11)
  An elephant (D:8)
  2 spiny frogs (Lair:1)
  The ghost of Serpenta the Spear-Bearer, a novice VSCK of Xom (D:6)
  A gargoyle (D:12)
  A rime drake (Lair:1)
  A queen bee (D:9)
  2 trolls (D:11)
  5 blink frogs (Lair:1)
  4 hippogriffs
  3 wraiths (D:10)
  Sigmund (D:2)
  2 wyverns (D:8)
  A vampire (D:12)
  23 yaks
  3 hogs (D:7)
  A human (D:7)
  2 steam dragons
  2 vampire mosquitoes (D:12)
  A soldier ant (D:12)
  An acid dragon (D:11)
  A water moccasin (D:7)
  2 porcupines (Lair:1)
  3 orc warriors
  3 sky beasts
  2 eyes of draining (D:12)
  3 black bears
  3 ice beasts
  A necrophage (D:7)
  2 phantoms
  4 centaurs
  7 ogres
  5 crocodiles
  2 big kobolds
  8 bullfrogs
  A water moccasin zombie (D:10)
  3 scorpions
  23 killer bees (D:9)
  6 wights (D:7)
  5 crimson imps
  4 howler monkeys
  A centaur zombie (D:5)
  8 hounds
  2 quasits
  Crazy Yiuf (D:5)
  5 orc priests
  4 bullfrog skeletons
  2 jellies
  6 orc wizards
  3 centaur skeletons
  Jessica (D:2)
  3 iguanas
  Ijyb (D:5)
  5 worker ants
  A hound skeleton (D:11)
  3 mummies
  2 worker ant zombies
  A howler monkey zombie (D:9)
  3 gnolls (D:8)
  A howler monkey skeleton (D:11)
  12 adders
  A shadow imp (D:6)
  An adder skeleton (D:6)
  6 adder zombies
  5 worms
  A dart slug (D:2)
  7 leopard geckos
  28 orcs
  2 ball pythons
  9 bats
  7 giant cockroaches
  6 goblins
  9 hobgoblins
  9 jackals
  6 quokkas
  4 frilled lizards
  5 gnoll zombies (Ossuary)
  A goblin zombie (D:5)
  4 hobgoblin zombies (Ossuary)
  A jackal zombie (D:6)
  16 kobolds
  6 kobold zombies (Ossuary)
  7 orc zombies
  A quokka skeleton (D:6)
  A quokka zombie (D:5)
  10 rats
374 creatures vanquished.

Notes
Turn   | Place    | Note
-------+----------+-------------------------------------------
     0 | D:1      | xccam the Formicid Fighter began the quest for the Orb.
     0 | D:1      | Reached XP level 1. HP: 18/18 MP: 1/1
   132 | D:1      | Reached XP level 2. HP: 10/24 MP: 2/2
   487 | D:1      | Reached skill level 3 in Axes
   599 | D:1      | Reached XP level 3. HP: 29/29 MP: 3/3
  1112 | D:2      | Reached skill level 4 in Axes
  1112 | D:2      | Reached XP level 4. HP: 30/35 MP: 4/4
  1313 | D:2      | Noticed Sigmund
  1328 | D:2      | Killed Sigmund
  1328 | D:2      | Reached skill level 5 in Axes
  1328 | D:2      | Reached XP level 5. HP: 17/41 MP: 5/5
  1328 | D:2      | Reached XP level 6. HP: 20/47 MP: 6/6
  1424 | D:2      | Reached skill level 6 in Axes
  1430 | D:2      | Noticed Jessica
  1441 | D:2      | Killed Jessica
  1610 | D:3      | Found a basalt altar of Yredelemnul.
  2179 | D:3      | Reached XP level 7. HP: 52/52 MP: 7/7
  2467 | D:4      | Reached skill level 7 in Axes
  2706 | D:4      | Found Kyvunext's Assorted Antiques.
  2709 | D:4      | Bought a potion of might for 88 gold pieces
  2874 | D:5      | Entered Level 5 of the Dungeon
  2908 | D:5      | Reached skill level 8 in Axes
  2918 | D:5      | Found a sand-covered staircase.
  3025 | Ossuary  | Entered an ossuary
  3206 | D:5      | Reached XP level 8. HP: 51/58 MP: 8/8
  3320 | D:5      | Reached skill level 9 in Axes
  3598 | D:5      | Noticed Ijyb
  3634 | D:5      | Killed Ijyb
  3684 | D:5      | Reached skill level 10 in Axes
  3951 | D:5      | Found a runed door.
  3955 | D:5      | Noticed Crazy Yiuf
  3961 | D:5      | Killed Crazy Yiuf
  4143 | D:6      | Noticed a hippogriff
  4162 | D:6      | Killed a hippogriff
  4162 | D:6      | Reached XP level 9. HP: 24/64 MP: 9/9
  4635 | D:6      | Noticed Serpenta's ghost (novice VSCK)
  4652 | D:6      | Killed Serpenta's ghost
  5092 | D:7      | Noticed a hippogriff
  5105 | D:7      | Killed a hippogriff
  5190 | D:7      | Noticed a hippogriff
  5202 | D:7      | Reached skill level 1 in Dodging
  5204 | D:7      | Killed a hippogriff
  5477 | D:7      | Reached XP level 10. HP: 63/73 MP: 10/10
  5503 | D:7      | Reached skill level 5 in Fighting
  5503 | D:7      | Reached skill level 5 in Armour
  6010 | D:7      | Found a staircase to the Ecumenical Temple.
  6020 | Temple   | Entered the Ecumenical Temple
  6029 | Temple   | Became a worshipper of Cheibriados the Contemplative
  6094 | D:7      | Found a hazy altar of Hepliaklqana.
  6172 | D:7      | Found Faps's Assorted Antiques.
  6335 | D:8      | Found a staircase to the Lair.
  6335 | D:8      | Noticed an elephant
  6347 | D:8      | Killed an elephant
  6354 | D:8      | Reached * piety under Cheibriados
  6587 | D:8      | Reached skill level 1 in Invocations
  6602 | D:8      | Noticed a two-headed ogre
  6609 | D:8      | Killed a two-headed ogre
  6609 | D:8      | Reached XP level 11. HP: 58/83 MP: 10/13
  6868 | D:9      | Reached ** piety under Cheibriados
  7047 | D:9      | Noticed a two-headed ogre
  7058 | D:9      | Killed a two-headed ogre
  7058 | D:9      | Reached skill level 11 in Axes
  7058 | D:9      | Reached skill level 5 in Invocations
  7546 | D:9      | Reached *** piety under Cheibriados
  7577 | D:9      | Got a distressingly furry ring mail
  7588 | D:9      | Identified the cursed +0 ring mail of Follow the Leader {rF- rN+ rCorr} (You found it on level 9 of the Dungeon)
  7832 | D:10     | Entered Level 10 of the Dungeon
  7931 | D:10     | Reached **** piety under Cheibriados
  8273 | D:10     | Noticed Josephine
  8285 | D:10     | Killed Josephine
  8285 | D:10     | Reached skill level 12 in Axes
  8285 | D:10     | Reached XP level 12. HP: 42/89 MP: 18/18
  8616 | D:11     | Noticed an unseen horror
  8634 | D:11     | Killed an unseen horror
  8725 | D:11     | Noticed Erolcha
  8739 | D:11     | Killed Erolcha
  8739 | D:11     | Reached skill level 13 in Axes
  8750 | D:11     | Found a staircase to the Orcish Mines.
  8761 | D:11     | Reached ***** piety under Cheibriados
  9280 | D:11     | Noticed a two-headed ogre
  9285 | D:11     | Killed a two-headed ogre
  9363 | D:11     | Noticed xccam's ghost (novice FoFi)
  9376 | D:11     | Killed xccam's ghost
  9591 | D:12     | Found Emmoegea's Jewellery Boutique.
  9693 | D:12     | Reached skill level 14 in Axes
  9867 | D:12     | Noticed a seven-headed hydra
 10264 | D:12     | Killed an eight-headed hydra
 10264 | D:12     | Reached XP level 13. HP: 77/95 MP: 19/19
 10720 | Lair:1   | Entered Level 1 of the Lair of Beasts
 10725 | Lair:1   | Reached skill level 15 in Axes
 10878 | Lair:1   | Noticed a five-headed hydra
 10902 | Lair:1   | Killed an eight-headed hydra
 11101 | Lair:1   | Noticed Gastronok
 11114 | Lair:1   | Killed Gastronok
 11114 | Lair:1   | Reached skill level 16 in Axes
 11163 | Lair:1   | Reached skill level 5 in Dodging
 11405 | Lair:1   | Noticed an eight-headed hydra
 11417 | Lair:1   | HP: 1/96 [11-headed hydra (7)]
 11417 | Lair:1   | Mangled by an 11-headed hydra

Vault maps used:
D:1:      enne_arrival_octagon_isle, hangedman_decor_points,
          serial_bayou_lagoon_b
D:2:      uniq_sigmund, uniq_jessica
D:3:      nicolae_overflow_hidden_temple, first_ration
D:4:      serial_shops, nicolae_shop_behind_doors
D:5:      nicolae_ossuary_entry_giza, uniq_crazy_yiuf_cottage, uniq_ijyb
D:7:      minmay_temple_entry_statues_fountains, serial_shops,
          kennysheep_little_box, grunt_livestock, kennysheep_small_circle
D:8:      david_lair_generic, nicolae_wwwww
D:9:      nrook_mini_vaults
D:10:     uniq_josephine
D:11:     orc_david_3, uniq_erolcha
D:12:     serial_shops, shop, roderic_lattice_a
Temple:   dpeg_three_leaves_temple
Lair:1:   grunt_megastairs_2, uniq_gastronok
Ossuary:  ossuary_tomb_2

Skill      XL: |  1  2  3  4  5  6  7  8  9 10 11 12 13 |
---------------+----------------------------------------+-----
Axes           | 3 4 5 6 8 10 12 14 16 | 16.1
Shields        | 6 9 |  9.2
Dodging        | 2 4 5 |  5.0
Fighting       | 4 6 7 |  7.1
Armour         | 4 6 7 |  7.1
Invocations    | 3 8 |  8.1

Action                   |  1- 3 |  4- 6 |  7- 9 | 10-12 | 13-15 || total
-------------------------+-------+-------+-------+-------+-------++-------
Melee: War axe           |   130 |   106 |   358 |   635 |    84 ||  1313
       Unarmed           |       |       |    31 |       |       ||    31
Invok: Bend Time         |       |       |       |     3 |       ||     3
       Step From Time    |       |       |       |     1 |       ||     1
Evoke: Wand              |       |       |       |    13 |    12 ||    25
  Use: Potion            |       |       |       |     3 |       ||     3
       Scroll            |       |       |       |    13 |       ||    13
  Eat: Chunk             |     1 |     3 |    12 |     7 |     1 ||    24
       Ration            |       |       |       |     1 |       ||     1
Armor: Scale mail        |    71 |    36 |   130 |   152 |    32 ||   421
Dodge: Dodged            |    31 |    38 |    98 |   232 |    50 ||   449
Block: Shield            |    87 |    50 |   177 |   422 |    64 ||   800

Table legend:
 A = Spawn XP
 B = Non-spawn XP
 C = Spawn XP percentage of total XP
 D = Spawn monster count
 E = Non-spawn monster count
 F = Spawn count percentage of total count
 G = Total turns spent on level
                    A         B        C        D         E        F      G
               +---------+---------+-------+---------+---------+-------+---------
         Total |       0 |   35145 |   0.0 |       0 |     374 |   0.0 | 11417
               +---------+---------+-------+---------+---------+-------+---------
           D:1 |       0 |      32 |   0.0 |       0 |      21 |   0.0 |   776
           D:2 |       0 |     328 |   0.0 |       0 |      30 |   0.0 |   820
           D:3 |       0 |     160 |   0.0 |       0 |      23 |   0.0 |   842
           D:4 |       0 |     233 |   0.0 |       0 |       7 |   0.0 |   436
           D:5 |       0 |     911 |   0.0 |       0 |      25 |   0.0 |   995
           D:6 |       0 |     976 |   0.0 |       0 |      19 |   0.0 |  1057
           D:7 |       0 |    3066 |   0.0 |       0 |      34 |   0.0 |  1160
           D:8 |       0 |    3123 |   0.0 |       0 |      30 |   0.0 |   575
           D:9 |       0 |    3243 |   0.0 |       0 |      39 |   0.0 |  1018
          D:10 |       0 |    4468 |   0.0 |       0 |      34 |   0.0 |   793
          D:11 |       0 |    5200 |   0.0 |       0 |      23 |   0.0 |   842
          D:12 |       0 |    5924 |   0.0 |       0 |      41 |   0.0 |  1222
        Lair:1 |       0 |    7392 |   0.0 |       0 |      20 |   0.0 |   697
       Ossuary |       0 |      89 |   0.0 |       0 |      28 |   0.0 |   166
               +---------+---------+-------+---------+---------+-------+---------
